 Dungeon Crawl Stone Soup version 0.24-a0-317-g5cb8de4 (webtiles) character file.

Game seed: 3546929790028453348

11254 Hylith the Changer (level 11, -4/109 HPs)
             Began as a Troll Transmuter on May 16, 2019.
             Was a High Priest of Makhleb.
             Slain by a yak (11 damage)
             ... on level 11 of the Dungeon.
             The game lasted 00:30:39 (9995 turns).

Hylith the Changer (Troll Transmuter)               Turns: 9995, Time: 00:30:39

Health: -4/109     AC: 13    Str: 24    XL:     11   Next: 46%
Magic:  19/19      EV: 10    Int: 15    God:    Makhleb [*****.]
Gold:   730        SH:  0    Dex: 10    Spells: 2/22 levels left

rFire    . . .     SeeInvis .     - Unarmed
rCold    . . .     Gourm    +   (no shield)
rNeg     . . .     Faith    +   n - +2 robe {Archmagi}
rPois    +         Spirit   .   I - +2 hat {Int+3}
rElec    .         Reflect  .   k - +2 cloak {rPois}
rCorr    +         Harm     .   (gloves unavailable)
MR       .....                  (boots unavailable)
Stlth    +.........             H - amulet of faith
HPRegen  0.68/turn              L - ring of resist corrosion
MPRegen  0.16/turn              v - +4 ring of strength

@: no status effects
A: large, unfitting armour, claws 3, talons 1, blurry vision 1, fast metabolism
3, gourmand, regeneration 1, shaggy fur 1, tough skin 3
a: Minor Destruction, Lesser Servant of Makhleb, Major Destruction, Greater
Servant of Makhleb, Renounce Religion


You were on level 11 of the Dungeon.
You worshipped Makhleb.
Makhleb was extremely pleased with you.
You were very full.

You visited 2 branches of the dungeon, and saw 12 of its levels.
You also visited: Bailey.

You collected 730 gold pieces.

Inventory:

Missiles
 a - 267 arrows
 A - 68 boomerangs (quivered)
Armour
 k - a +2 cloak of poison resistance (worn)
 n - a +2 robe of the Archmagi (worn)
 I - a +2 hat of intelligence (worn)
Jewellery
 u - an uncursed ring of see invisible
 v - a +4 ring of strength (right claw)
 y - an uncursed ring of positive energy
 F - the ring "Kakojupu" {rPois rF- MR+ Str+2}
   (You acquired it on level 8 of the Dungeon)

   [ring of protection from magic]

   It affects your strength (+2).
   It makes you vulnerable to fire.
   It protects you from poison.
   It affects your resistance to hostile enchantments.
 H - an amulet of faith (around neck)
 L - a ring of resist corrosion (left claw)
Wands
 e - a wand of flame (12)
 o - a wand of digging (7)
 p - a wand of iceblast (8)
 x - a wand of disintegration (7)
 E - a wand of polymorph (3)
Scrolls
 f - 3 scrolls of enchant armour
 g - 4 scrolls of fear
 i - 3 scrolls of teleportation
 j - 5 scrolls of remove curse
 q - 4 scrolls of amnesia
 s - 3 scrolls of blinking
 D - a scroll of fog
 J - a scroll of immolation {unknown}
 N - a scroll of identify
Potions
 b - a potion of ambrosia {unknown}
 c - 2 potions of degeneration {unknown}
 h - 2 potions of mutation
 l - 4 potions of curing {unknown}
 m - a potion of agility
 r - a potion of flight {unknown}
 t - 2 potions of brilliance {unknown}
 w - 5 potions of heal wounds
 z - 4 potions of magic {unknown}
 B - 4 potions of cancellation {unknown}
 C - 2 potions of haste
 G - 2 potions of berserk rage
 K - a potion of resistance {unknown}
Comestibles
 d - 21 rations
 M - 6 chunks of flesh


   Skills:
 - Level 7.0 Fighting
 - Level 2.2 Dodging
 - Level 7.0 Unarmed Combat
 + Level 6.4 Spellcasting
 - Level 1.0 Conjurations
 - Level 1.0 Charms
 - Level 2.0 Necromancy
 + Level 7.7 Transmutations
 - Level 1.0 Poison Magic
 + Level 2.0 Invocations
 + Level 1.6 Evocations


You had 2 spell levels left.
You knew the following spells:

 Your Spells              Type           Power        Failure   Level  Hunger
a - Beastly Appendage     Tmut           #####.       1%          1    None
b - Blade Hands           Tmut           #####.....   17%         5    ######.
c - Mephitic Cloud        Conj/Pois/Air  ##......     32%         3    ##.....
i - Ice Form              Ice/Tmut       ###.....     28%         4    ####...
p - Poisonous Vapours     Pois/Air       #.....       17%         2    #......
r - Regeneration          Chrm/Necr      ##........   22%         3    ##.....
s - Sticks to Snakes      Tmut           #####...     1%          2    #......

Your spell library contained the following spells:

 Spells                   Type           Power        Failure   Level  Hunger
 Animate Skeleton         Necr           N/A          6%          1    None
 Pain                     Necr           ###.         6%          1    None
 Magic Dart               Conj           ##..         10%         1    None
 Sting                    Conj/Pois      ##..         10%         1    None
 Searing Ray              Conj           ##....       14%         2    #......
 Spider Form              Tmut/Pois      ####......   7%          3    ##.....
 Vampiric Draining        Necr           ###.......   19%         3    ##.....
 Dazzling Spray           Conj/Hex       #.....       34%         3    ##.....
 Animate Dead             Necr           N/A          52%         4    ####...
 Iskenderun's Mystic Bla  Conj           ##......     67%         4    ####...
 Olgreb's Toxic Radiance  Pois           ##......     67%         4    ####...
 Force Lance              Conj/Tloc      #.......     75%         4    ####...
 Fulminant Prism          Conj/Hex       #.........   75%         4    ####...
 Venom Bolt               Conj/Pois      ##........   95%         5    ######.


Dungeon Overview and Level Annotations

Branches:
Dungeon (11/15)            Temple (1/1) D:5            Lair (0/6) D:11
    Orc (0/2) D:11

Altars:
Ashenzari
Cheibriados
Dithmenos
Elyvilon
Fedhas
Gozag
Hepliaklqana
Kikubaaqudgha
Makhleb
Nemelex Xobeh
Okawaru
Qazlal
Ru
Sif Muna
Trog
Uskayaw
Vehumet
Wu Jian
Xom
Yredelemnul
Zin
The Shining One

Shops:
D:5 *   D:10 :


Innate Abilities, Weirdness & Mutations

You are too large for most types of armour.
You have claws for hands.
Your metabolism is lightning-fast.
You like to eat raw meat.
Your natural rate of healing is unusually fast.
You are covered in fur. (AC +1)
You have extremely tough skin. (AC +3)
You have sharp toenails.
Scrolls take you a little longer to read.


Message History

* * * LOW HITPOINT WARNING * * *
The scorpion stings you!
* * * LOW HITPOINT WARNING * * *
Okay, then.
It was a potion of heal wounds.
You feel much better. The yak gores you!
* * * LOW HITPOINT WARNING * * *
The yak barely misses you.
The scorpion stings you but does no damage.
You claw the scorpion!
You kill the scorpion!
Makhleb accepts your kill.
You feel better. The yak gores you but does no damage. The yak gores you!
* * * LOW HITPOINT WARNING * * *
The yak gores you but does no damage. The yak closely misses you.
You begin reading the scroll.
You continue reading the scroll.
You feel yourself speed up.
Magic restored.
The yak gores you!
* * * LOW HITPOINT WARNING * * *
The yak gores you but does no damage. The yak gores you!
You die...

#....≈###.#
###.≈≈≈##.#
##≈≈≈≈≈#.#
#≈≈≈≈≈≈≈.#
##†≈≈≈≈#.#
#.≈≈≈.#.#
#.#≈#...##
#.#.YY...#
#.#.Y@...#
..#..†...#
..'....>.#
....#......#
.^..########
....# .


You could see 3 yaks.

Vanquished Creatures
  A centaur warrior (D:9)
  Sonja (D:10)
  Psyche (D:9)
  A gargoyle (D:10)
  2 hornets
  2 hippogriffs (D:11)
  A shadow (D:11)
  Sigmund (D:2)
  A wraith (D:11)
  A yak (D:11)
  A human (D:10)
  2 hungry ghosts (D:11)
  2 wargs (D:11)
  2 water moccasins
  6 orc warriors
  Duvessa (D:4)
  4 ice beasts
  3 sky beasts
  A necrophage (D:10)
  2 phantoms
  9 ogres
  5 centaurs
  A big kobold (D:9)
  5 bullfrogs
  2 gnoll sergeants
  3 scorpions
  Dowan (D:4)
  4 killer bees (D:8)
  13 wights
  3 electric eels (D:11)
  A vampire bat (D:8)
  4 howler monkeys
  4 crimson imps
  A bullfrog zombie (D:5)
  A centaur zombie (D:5)
  A bullfrog skeleton (D:7)
  2 quasits
  Crazy Yiuf (D:2)
  4 orc priests
  4 hounds
  A jelly (D:7)
  11 orc wizards
  4 centaur skeletons
  Jessica (D:9)
  5 iguanas
  7 worker ants
  2 hound skeletons
  A howler monkey zombie (D:7)
  20 gnolls
  9 adders
  A howler monkey skeleton (D:7)
  3 shadow imps
  An ooze (D:1)
  An adder skeleton (D:7)
  An adder zombie (D:7)
  A worm (D:4)
  2 dart slugs
  3 leopard geckos
  35 orcs
  6 ball pythons
  3 bat skeletons (D:8)
  3 bat zombies (D:8)
  9 giant cockroaches
  4 goblins
  15 hobgoblins
  4 jackals
  20 kobolds
  5 quokkas
  4 bats
  4 frilled lizards
  A jackal zombie (D:8)
  A leopard gecko skeleton (D:8)
  A leopard gecko zombie (D:5)
  A quokka skeleton (D:8)
  8 rats
303 creatures vanquished.

Vanquished Creatures (collateral kills)
  Gastronok (D:8)
1 creature vanquished.

Vanquished Creatures (others)
  An orc (D:11)
1 creature vanquished.

Grand Total: 305 creatures vanquished

Notes
Turn   | Place    | Note
-------+----------+-------------------------------------------
     0 | D:1      | Hylith the Troll Transmuter began the quest for the Orb.
     0 | D:1      | Reached XP level 1. HP: 18/18 MP: 1/1
    22 | D:1      | Reached skill level 1 in Fighting
    43 | D:1      | Reached XP level 2. HP: 27/27 MP: 3/3
   966 | D:2      | Noticed an ogre
   972 | D:2      | Killed an ogre
   972 | D:2      | Reached XP level 3. HP: 33/33 MP: 2/4
   972 | D:2      | Reached XP level 4. HP: 41/41 MP: 2/5
   975 | D:2      | Noticed Sigmund
   987 | D:2      | Killed Sigmund
   987 | D:2      | Reached XP level 5. HP: 44/49 MP: 3/7
  1073 | D:2      | Reached XP level 6. HP: 57/57 MP: 8/8
  1132 | D:2      | Found a runed translucent door.
  1133 | D:2      | Noticed Crazy Yiuf
  1376 | D:2      | Found an opulent altar of Gozag.
  1419 | D:2      | Found a radiant altar of Vehumet.
  1419 | D:2      | Found a basalt altar of Yredelemnul.
  1712 | D:2      | Killed Crazy Yiuf
  1973 | D:3      | Found an ornate altar of the Wu Jian Council.
  2727 | D:4      | Learned a level 2 spell: Sticks to Snakes
  2748 | D:4      | Reached XP level 7. HP: 61/67 MP: 9/9
  3010 | D:4      | Noticed Duvessa
  3205 | D:4      | Noticed Dowan
  3227 | D:4      | Killed Dowan
  3281 | D:4      | Killed Duvessa
  3409 | D:5      | Entered Level 5 of the Dungeon
  3480 | D:5      | Found a staircase to the Ecumenical Temple.
  3487 | Temple   | Entered the Ecumenical Temple
  3662 | Temple   | Became a worshipper of Makhleb the Destroyer
  3717 | D:5      | Reached XP level 8. HP: 54/78 MP: 10/12
  3793 | D:5      | Found Ovoaram's Assorted Antiques.
  3917 | D:5      | Found a glowing golden altar of the Shining One.
  4051 | D:5      | Reached * piety under Makhleb
  4069 | D:5      | Reached skill level 5 in Fighting
  4091 | D:5      | Found a shadowy altar of Dithmenos.
  4281 | D:6      | Reached skill level 5 in Transmutations
  4487 | D:6      | Learned a level 3 spell: Regeneration
  4493 | D:6      | Learned a level 5 spell: Blade Hands
  4498 | D:6      | Learned a level 4 spell: Ice Form
  4521 | D:5      | Reached XP level 9. HP: 66/88 MP: 14/14
  4779 | D:6      | Found a snail-covered altar of Cheibriados.
  4812 | D:6      | Reached skill level 1 in Necromancy
  4935 | D:6      | Found a sacrificial altar of Ru.
  5133 | D:7      | Found a flagged portal.
  5160 | Bailey   | Entered a bailey
  5251 | Bailey   | Reached ** piety under Makhleb
  5735 | Bailey   | Identified a scroll of acquirement
  5746 | Bailey   | Gained mutation: Scrolls take you a little longer to read.
                  | [potion of mutation]
  5746 | Bailey   | Gained mutation: You have sharp toenails. [potion of
                  | mutation]
  5984 | D:7      | Reached skill level 5 in Unarmed Combat
  6236 | D:7      | Reached skill level 5 in Spellcasting
  6683 | D:8      | Reached *** piety under Makhleb
  6729 | D:8      | Reached XP level 10. HP: 56/100 MP: 16/16
  6833 | D:8      | Got a scorched amber ring
  6835 | D:8      | Identified the ring "Kakojupu" {rPois rF- MR+ Str+2} (You
                  | acquired it on level 8 of the Dungeon)
  7123 | D:8      | Identified the +1 chain mail of the Hot Ocelot {rF+ rC-
                  | Str+4}
  7129 | D:8      | Noticed Gastronok
  7130 | D:8      | Found a stormy altar of Qazlal.
  7220 | D:8      | Killed Gastronok
  7299 | D:8      | Reached **** piety under Makhleb
  7403 | D:8      | Found an ancient bone altar of Kikubaaqudgha.
  7710 | D:9      | Noticed a centaur warrior
  7739 | D:9      | Killed a centaur warrior
  7739 | D:9      | Reached skill level 1 in Charms
  8307 | D:9      | Noticed Psyche
  8329 | D:9      | Paralysed by a hornet for 2 turns
  8336 | D:9      | Killed Psyche
  8487 | D:9      | Noticed Jessica
  8508 | D:9      | Killed Jessica
  8515 | D:9      | Found a deep blue altar of Sif Muna.
  8553 | D:10     | Entered Level 10 of the Dungeon
  8578 | D:10     | Noticed a gargoyle
  8590 | D:10     | Killed a gargoyle
  8592 | D:10     | Noticed Sonja
  8619 | D:10     | Killed Sonja
  8619 | D:10     | Reached XP level 11. HP: 106/109 MP: 17/19
  8665 | D:10     | Learned a level 2 spell: Poisonous Vapours
  8669 | D:10     | Learned a level 3 spell: Mephitic Cloud
  8796 | D:10     | Found Sameuxtorch's Book Shop.
  8989 | D:10     | Reached ***** piety under Makhleb
  9100 | D:11     | Reached skill level 1 in Conjurations
  9100 | D:11     | Reached skill level 1 in Poison Magic
  9177 | D:11     | Noticed a seven-headed hydra
  9545 | D:11     | Reached skill level 1 in Invocations
  9651 | D:11     | Found a radiant altar of Vehumet.
  9799 | D:11     | Found a staircase to the Orcish Mines.
  9813 | D:11     | Reached skill level 1 in Evocations
  9887 | D:11     | Found a staircase to the Lair.
  9995 | D:11     | Slain by a yak

Levels and vault maps discovered:
D:1:      onia_arrival_handbag, layout_basic
D:2:      layout_basic, nicolae_gozag_seed_capital,
          gammafunk_temple_overflow_wave, uniq_crazy_yiuf_cottage, uniq_sigmund
D:3:      layout_basic, lemuel_doored_altar, first_ration
D:4:      layout_basic, serial_bayou_lagoon_b, uniq_duvessa
D:5:      layout_cave_pools, kennysheep_little_box, marbit_many_paths,
          minmay_temple_entry_wispy, serial_shops,
          nicolae_shop_overgrown_old_shop
D:6:      layout_rooms, kennysheep_mini_moat, basic_altar
D:7:      layout_gridville, enter_bailey_2
D:8:      layout_loops_ring, nicolae_overflow_crystal_walls,
          kennysheep_vampire_church, uniq_gastronok
D:9:      layout_cave_pods, tgw_sif, uniq_psyche
D:10:     layout_cave_pools, serial_shops,
          nicolae_shop_competitors_out_of_business, grunt_pizzeria, uniq_sonja
D:11:     layout_basic, erik_lair_orcish_takeover, orc_0_dummy, basic_altar
Temple:   minmay_temple_bridge_abc

Skill      XL: |  1  2  3  4  5  6  7  8  9 10 11 |
---------------+----------------------------------+-----
Fighting       | 1 2 3 4 5 6 7 |  7.0
Dodging        | 2 |  2.2
Transmutations | 2 3 4 5 6 7 |  7.7
Unarmed Combat | 4 5 7 |  7.0
Spellcasting   | 2 3 4 5 6 |  6.4
Necromancy     | 1 2 |  2.0
Charms         | 1 |  1.0
Conjurations   | 1 |  1.0
Poison Magic   | 1 |  1.0
Invocations    | 2 |  2.0
Evocations     | 1 |  1.6

Action                   |  1- 3 |  4- 6 |  7- 9 | 10-12 || total
-------------------------+-------+-------+-------+-------++-------
Melee: Unarmed           |    45 |   112 |   476 |   361 ||   994
       Headbutt          |       |     1 |    18 |    11 ||    30
       Punch             |       |     4 |     7 |    11 ||    22
       Kick              |       |       |    29 |   101 ||   130
 Cast: Beastly Appendage |     1 |       |    14 |     5 ||    20
       Sticks to Snakes  |       |       |       |    16 ||    16
       Regeneration      |       |       |       |     1 ||     1
Evoke: Wand              |       |       |     1 |     4 ||     5
  Use: Potion            |     1 |       |     2 |     2 ||     5
       Scroll            |       |       |    15 |     1 ||    16
 Stab: Invisible         |     2 |     1 |       |       ||     3
       Sleeping          |       |     2 |     1 |       ||     3
  Eat: Chunk             |    12 |    18 |    28 |    47 ||   105
Armor: Robe              |    19 |    35 |   175 |   204 ||   433
       Skin              |       |       |    10 |     5 ||    15
Dodge: Dodged            |    17 |    52 |   266 |   207 ||   542

Table legend:
 A = Non-vault XP
 B = Vault XP
 C = Vault XP percentage of total XP
 D = Non-vault monster count
 E = Vault monster count
 F = Vault count percentage of total count
                 A         B        C        D         E       F
            +---------+---------+-------+---------+---------+-------
      Total |   11965 |    4113 |  25.6 |     242 |      62 |  20.4
            +---------+---------+-------+---------+---------+-------
        D:1 |      21 |      10 |  32.3 |      12 |       4 |  25.0
        D:2 |     142 |     264 |  65.0 |      11 |       2 |  15.4
        D:3 |      89 |       0 |   0.0 |      21 |       0 |   0.0
        D:4 |     506 |     201 |  28.4 |      15 |       2 |  11.8
        D:5 |    1228 |      46 |   3.6 |      27 |       1 |   3.6
        D:6 |     790 |       0 |   0.0 |      12 |       0 |   0.0
        D:7 |    1413 |       0 |   0.0 |      38 |       0 |   0.0
        D:8 |    1661 |    1306 |  44.0 |      42 |       8 |  16.0
        D:9 |    1976 |     390 |  16.5 |      19 |       2 |   9.5
       D:10 |    1850 |     988 |  34.8 |      21 |       2 |   8.7
       D:11 |    2289 |     564 |  19.8 |      24 |       7 |  22.6
     Bailey |       0 |     344 | 100.0 |       0 |      34 | 100.0
            +---------+---------+-------+---------+---------+-------
